 Dungeon Crawl Stone Soup version 0.30-a0-860-g512cf1e979 (webtiles) character file.

Game seed: 11005259570002385162

13815 zenocrate the Transmogrifier (level 12, -1/111 HPs)
             Began as an Octopode Transmuter on Mar 7, 2023.
             Was an Initiate of Gozag.
             Slain by a komodo dragon (18 damage)
             ... on level 1 of the Lair of Beasts.
             The game lasted 00:11:10 (9720 turns).

zenocrate the Transmogrifier (Octopode Transmuter)  Turns: 9720, Time: 00:11:10

Health: -1/111     AC: 26    Str: 10    XL:     12   Next: 10%
Magic:  0/15       EV:  2    Int: 18    God:    Gozag
Gold:   354        SH:  0    Dex: 16    Spells: 4/15 levels left

rFire   . . .      SeeInvis .      - Unarmed
rCold   . . .      Faith    .    E - orb {light}
rNeg    . . .      Spirit   +    (helmet currently unavailable)
rPois   +          Reflect  .    o - amulet of guardian spirit
rElec   .          Rampage  .    c - +5 ring of evasion
rCorr   +          Clarity  +    y - +5 ring of evasion
Will    .....      NoTele   +    C - ring of resist corrosion
Stlth   +                        (no ring)
HPRegen 0.38/turn                (no ring)
MPRegen 0.14/turn                (no ring)
                                 (no ring)
                                 (no ring)

@: tree-form, marked, wereblooded, gold aura, glowing
A: stationary, stasis, torment immunity, boosted hp, almost no armour,
(amphibious), 8 rings, (camouflage 1), (gelatinous body 1), (nimble swimmer 1),
(tentacles), agile 1, clarity
a: Renounce Religion, Potion Petition, Call Merchant, Bribe Branch


You were on level 1 of the Lair of Beasts.
You worshipped Gozag.
Gozag was aware of your devotion.
You were a tree.
You visited 3 branches of the dungeon, and saw 11 of its levels.

You collected 1410 gold pieces.
You spent 545 gold pieces at shops.
You paid 511 gold pieces to Gozag.

Inventory:

Hand Weapons
 j - the +9 short sword of the Sea {holy, rElec}
   (You found it on level 7 of the Dungeon)

   rElec:     It insulates you from electricity.
Missiles
 A - 4 throwing nets
Armour
 E - an orb of light (worn)
Jewellery
 c - a +5 ring of evasion (left branch)
 o - an amulet of guardian spirit (around neck)
 y - a +5 ring of evasion (right branch)
 C - a ring of resist corrosion (on tentacle)
Wands
 u - a wand of iceblast (6)
 w - a wand of polymorph (16)
 B - a wand of paralysis (13)
 D - a wand of quicksilver (11)
 H - a wand of flame (8)
Scrolls
 b - a scroll of immolation {unknown}
 d - 5 scrolls of teleportation
 f - 4 scrolls of fog
 h - a scroll of blinking {unknown}
 i - 2 scrolls of brand weapon {unknown}
 l - 2 scrolls of butterflies
 n - 4 scrolls of fear {unknown}
 p - 2 scrolls of amnesia {unknown}
 r - 2 scrolls of enchant weapon {unknown}
 t - 2 scrolls of enchant armour
 v - 2 scrolls of vulnerability {unknown}
 x - a scroll of magic mapping {unknown}
 I - 2 scrolls of noise {unknown}
 J - a scroll of silence {unknown}
Potions
 a - 2 potions of lignification
 e - 4 potions of brilliance
 g - 5 potions of might
 k - a potion of mutation
 m - 2 potions of attraction
 q - 3 potions of heal wounds
 s - 3 potions of flight
 z - 9 potions of curing
 F - 2 potions of haste
 G - a potion of magic
 K - a potion of berserk rage
 L - a potion of resistance


   Skills:
 + Level 4.0 Fighting
 + Level 4.4 Dodging
 - Level 1.2 Stealth
 + Level 12.6 Unarmed Combat
 - Level 2.0 Spellcasting
 * Level 13.0 Transmutations
 - Level 4.1 Ice Magic


You had 4 spell levels left.
You knew the following spells:

 Your Spells              Type           Power      Damage    Failure   Level
a - Ice Form              Ice/Tmut       32%        N/A       5%          4
b - Wereblood             Tmut           48%        N/A       1%          2
c - Beastly Appendage     Tmut           96%        N/A       1%          1
x - Passage of Golubria   Tloc           1%         N/A       87%         4

Your spell library contained the following spells:

 Spells                   Type           Power      Damage    Failure   Level
 Spider Form              Tmut/Pois      25%        N/A       3%          3
 Dazzling Flash           Conj/Hex       2%         N/A       47%         3
 Iskenderun's Mystic Bla  Conj/Tloc      1%         2d3       87%         4
 Silence                  Hex/Air        0%         N/A       99%         5
 Starburst                Conj/Fire      0%         6d3       100%        6
 Malign Gateway           Summ/Tloc      0%         N/A       100%        7
 Lehudib's Crystal Spear  Conj/Erth      0%         10d2      100%        8
 Summon Horrible Things   Summ           0%         N/A       100%        8


Dungeon Overview and Level Annotations

Branches:
Dungeon (9/15)             Temple (1/1) D:5            Lair (1/5) D:9
    Orc: D:9-12

Altars:
Ashenzari
Cheibriados
Dithmenos
Elyvilon
Fedhas
Gozag
Hepliaklqana
Kikubaaqudgha
Makhleb
Nemelex Xobeh
Okawaru
Qazlal
Ru
Sif Muna
Trog
Vehumet
Wu Jian
Xom
Yredelemnul
Zin
The Shining One

Shops:
D:7 *   Lair:1 !


Innate Abilities, Weirdness & Mutations

You are a tree.
Your roots penetrate the ground, keeping you stationary.
You cannot be teleported.
You are immune to unholy pain and torment.
Your maximum health is greatly increased.
You cannot wear most types of armour.
((You are amphibious.))
You can wear up to eight rings at the same time.
((Your skin changes colour to match your surroundings (Stealth+).))
((Your rubbery body absorbs attacks. (AC +1, EV +1)))
((You are camouflaged when in or above water. (Stealth+)))
((You have tentacles for arms and can constrict up to eight enemies at once.))
You are agile. (Dex +4, Str/Int -1)
You possess an exceptional clarity of mind.


Message History

A komodo dragon comes into view.
The black mamba splashes around in the water.
You hit the black mamba. You freeze the black mamba.
The black mamba is almost dead.
The komodo dragon closely misses you.
The black mamba splashes around in the water.
You pummel the black mamba!! You freeze the black mamba.
You feel a bit better.
You kill the black mamba!
The komodo dragon bites you!
Your Fighting skill increases to level 4!
You pummel the komodo dragon!!
The komodo dragon seems to slow down.
You freeze the komodo dragon.
The komodo dragon is heavily wounded.
The komodo dragon barely misses you. The cane toad misses you.
You punch the komodo dragon!
The komodo dragon seems to slow down.
You freeze the komodo dragon.
The komodo dragon is almost dead.
The cane toad completely misses you.
You hit the komodo dragon but do no damage.
The komodo dragon is almost dead.
The komodo dragon misses you.
You hit the komodo dragon but do no damage.
The komodo dragon is almost dead.
The cane toad misses you. The komodo dragon bites you!!
You hit the komodo dragon but do no damage.
The komodo dragon is almost dead.
The cane toad stings you!!
* * * LOW HITPOINT WARNING * * *
The komodo dragon bites you but does no damage.
The komodo dragon closely misses you.
Really quaff the potion of lignification?
You warm up again.
Your orb of light unmelds from your body.
You turn into a tree.
Your roots penetrate the ground.
A wolf comes into view.
The cane toad completely misses you.
A cane toad comes into view.
The komodo dragon bites you!!
You die...
Your body crumbles into a pile of gold.

...~~~≈≈~≈~~.#
...~≈~~≈≈≈F~.#
#.~≈~.~.~≈~.##
##~~≈~~<~≈≈≈.P#
#..~≈≈~~~≈≈~~##
##.~≈≈≈~≈≈≈~.#
#.~≈≈≈≈≈≈~..## #
#..~~~~~lFl#.##.#P.
#....~~~..♣.........
#.....####h.∩.......
....................
.....P#.#...........
.)...## ##..........
..... #..........
.... #..........
#.######.## #.# .P


You could see 2 komodo dragons, 2 cane toads and a wolf.

Vanquished Creatures
  Erolcha (D:9)
  A centaur warrior (D:8)
  Erica (D:9)
  3 two-headed ogres
  A boulder beetle (D:8)
  Amaemon (D:9)
  2 ugly things
  A deep elf pyromancer (D:9)
  Maurice (D:8)
  A black mamba (Lair:1)
  Joseph (D:7)
  Maggie (D:9)
  Psyche (D:8)
  An orange demon (D:9)
  2 trolls
  A hornet (D:8)
  A shadow (D:9)
  7 yaks
  Grum (D:8)
  2 wyverns
  2 steam dragons
  An acid dragon (D:8)
  4 water moccasins
  An orc warrior (D:9)
  2 black bears
  2 ice beasts
  An ogre (D:6)
  3 centaurs (D:9)
  4 wolves (D:8)
  2 phantoms
  4 kobold brigands
  5 bullfrogs
  A gnoll sergeant (D:7)
  2 scorpions
  A killer bee (D:9)
  2 howler monkeys
  3 jellies
  6 orc priests
  A gnoll bouda (D:5)
  5 hounds
  5 iguanas
  6 orc wizards
  9 adders
  8 gnolls (D:5)
  A shadow imp (D:7)
  A white imp (D:6)
  An ufetubus (D:5)
  3 worms
  2 dart slugs (D:1)
  15 orcs
  6 endoplasms
  6 giant cockroaches
  5 goblins
  5 hobgoblins
  3 jackals (D:1)
  24 kobolds
  4 quokkas
  6 ball pythons
  2 frilled lizards
  7 rats (D:1)
202 creatures vanquished.

Vanquished Creatures (others)
  2 plants (D:2)
2 creatures vanquished.

Grand Total: 204 creatures vanquished

Notes
Turn   | Place    | Note
-------+----------+-------------------------------------------
     0 | D:1      | zenocrate the Octopode Transmuter began the quest for the
                  | Orb.
     0 | D:1      | Reached XP level 1. HP: 13/13 MP: 3/3
   168 | D:1      | Reached skill level 1 in Stealth
   211 | D:1      | Reached XP level 2. HP: 18/18 MP: 5/5
   214 | D:1      | Learned a level 2 spell: Wereblood
   631 | D:1      | Reached XP level 3. HP: 18/23 MP: 2/6
  1116 | D:2      | Reached skill level 3 in Transmutations
  1180 | D:2      | Reached XP level 4. HP: 17/28 MP: 7/7
  1188 | D:2      | Learned a level 4 spell: Ice Form
  2683 | D:4      | Reached skill level 1 in Ice Magic
  2721 | D:4      | Gained mutation: You possess an exceptional clarity of
                  | mind. [potion of mutation]
  2721 | D:4      | Gained mutation: You are occasionally teleported next to
                  | monsters. [potion of mutation]
  2721 | D:4      | Gained mutation: Your mind is acute. (Int +4, Str/Dex -1)
                  | [potion of mutation]
  2727 | D:4      | Reached XP level 5. HP: 10/33 MP: 5/8
  2740 | D:4      | Reached skill level 4 in Transmutations
  2740 | D:4      | Reached XP level 6. HP: 4/38 MP: 6/9
  3181 | D:4      | Found a blossoming altar of Fedhas.
  3273 | D:4      | Found a white marble altar of Elyvilon.
  3294 | D:4      | Reached skill level 5 in Unarmed Combat
  3346 | D:4      | Found a glowing silver altar of Zin.
  3396 | D:5      | Entered Level 5 of the Dungeon
  3537 | D:5      | Reached XP level 7. HP: 42/43 MP: 6/10
  3735 | D:5      | Reached skill level 5 in Transmutations
  4115 | D:5      | Found a staircase to the Ecumenical Temple.
  4153 | Temple   | Entered the Ecumenical Temple
  4160 | Temple   | Became a worshipper of Gozag Ym Sagoz the Greedy
  4378 | D:5      | Lost mutation: Your mind is acute. (Int +4, Str/Dex -1)
                  | [potion of mutation]
  4378 | D:5      | Lost mutation: You are occasionally teleported next to
                  | monsters. [potion of mutation]
  4378 | D:5      | Lost mutation: You possess an exceptional clarity of mind.
                  | [potion of mutation]
  4378 | D:5      | Gained mutation: You possess an exceptional clarity of
                  | mind. [potion of mutation]
  4378 | D:5      | Gained mutation: You are agile. (Dex +4, Str/Int -1)
                  | [potion of mutation]
  4460 | D:6      | Reached XP level 8. HP: 48/48 MP: 7/11
  4604 | D:6      | Reached skill level 6 in Transmutations
  5249 | D:6      | Learned a level 4 spell: Passage of Golubria
  5372 | D:7      | Noticed a troll
  5382 | D:7      | Killed a troll
  5383 | D:7      | Reached skill level 7 in Transmutations
  5461 | D:7      | Reached XP level 9. HP: 53/53 MP: 5/12
  5606 | D:7      | Noticed Joseph
  5621 | D:7      | Killed Joseph
  5622 | D:7      | Reached skill level 8 in Transmutations
  5790 | D:7      | Identified the +9 short sword of the Sea {holy, rElec}
  5817 | D:7      | Found Muhatickun's Merry Market.
  5828 | D:7      | Bought a potion of might for 64 gold pieces
  6150 | D:8      | Noticed Maurice
  6158 | D:8      | Killed Maurice
  6159 | D:8      | Reached skill level 9 in Transmutations
  6256 | D:8      | Noticed a white ugly thing
  6271 | D:8      | Killed a white ugly thing
  6272 | D:8      | Reached skill level 10 in Unarmed Combat
  6272 | D:8      | Reached XP level 10. HP: 33/58 MP: 3/13
  6586 | D:8      | Found a shimmering blue altar of Sif Muna.
  6673 | D:8      | Found a shadowy altar of Dithmenos.
  6683 | D:8      | Reached skill level 10 in Transmutations
  6902 | D:8      | Noticed a two-headed ogre
  6903 | D:8      | Found a bloodstained altar of Trog.
  6910 | D:8      | Killed a two-headed ogre
  6965 | D:8      | Noticed Grum
  6971 | D:8      | Killed Grum
  7091 | D:8      | Noticed Psyche
  7100 | D:8      | Killed Psyche
  7181 | D:8      | Noticed a centaur warrior
  7189 | D:8      | Killed a centaur warrior
  7190 | D:8      | Reached skill level 11 in Transmutations
  7261 | D:8      | Noticed a boulder beetle
  7285 | D:8      | Killed a boulder beetle
  7286 | D:8      | Reached XP level 11. HP: 44/63 MP: 2/14
  8229 | D:9      | Noticed Maggie
  8236 | D:9      | Noticed Amaemon
  8250 | D:9      | Killed Maggie
  8255 | D:9      | Reached skill level 12 in Transmutations
  8259 | D:9      | Killed Amaemon
  8260 | D:9      | Noticed Erica
  8274 | D:9      | Killed Erica
  8413 | D:9      | Noticed a two-headed ogre
  8418 | D:9      | Killed a two-headed ogre
  8586 | D:9      | Noticed Erolcha
  8603 | D:9      | Killed Erolcha
  8748 | D:9      | Found a staircase to the Lair.
  9103 | D:9      | Noticed a red ugly thing
  9111 | D:9      | Killed a red ugly thing
  9115 | D:9      | Noticed a two-headed ogre
  9119 | D:9      | Noticed a deep elf pyromancer
  9123 | D:9      | Killed a two-headed ogre
  9124 | D:9      | Reached XP level 12. HP: 38/74 MP: 4/15
  9127 | D:9      | Reached skill level 13 in Transmutations
  9691 | Lair:1   | Entered Level 1 of the Lair of Beasts
  9704 | Lair:1   | Bought a potion of might for 52 gold pieces
  9704 | Lair:1   | Bought a potion of heal wounds for 65 gold pieces
  9704 | Lair:1   | Bought a potion of lignification for 39 gold pieces
  9704 | Lair:1   | Bought a potion of lignification for 39 gold pieces
  9704 | Lair:1   | Bought a potion of curing for 39 gold pieces
  9704 | Lair:1   | Bought a potion of curing for 39 gold pieces
  9704 | Lair:1   | Bought 2 potions of curing for 78 gold pieces
  9704 | Lair:1   | Bought a potion of resistance for 130 gold pieces
  9720 | Lair:1   | Slain by a komodo dragon

Illustrated notes

Levels and vault maps discovered:
D:1:      scummos_arrival_simple_crosswalls, layout_basic
D:2:      layout_basic, serial_forest, infiniplex_forest_clump_diagonal,
          infiniplex_forest_end_2, infiniplex_forest_end_2,
          infiniplex_forest_join, infiniplex_forest_lined_corner
D:3:      layout_loops_corners
D:4:      cheibrodos_pilgrimage, layout_rooms, lemuel_round_altar,
          kennysheep_mini, zin_scriptorium, grunt_ministairs_5
D:5:      minmay_evil_eye, layout_cave_pools,
          minmay_temple_entry_statues_fountains, chequers_serial_rivers_marsh
D:6:      layout_basic
D:7:      layout_basic, st_stairs_12, nicolae_alphabet_shops, uniq_joseph
D:8:      minmay_skewed_foursquare, layout_loops_ring, grunt_dithmenos_shadows,
          led_sif_pool, bloody_trog, minmay_three_doors, uniq_grum,
          uniq_maurice, uniq_psyche
D:9:      kennysheep_blocky_room, layout_basic, uniq_amaemon, uniq_erolcha,
          uniq_maggie, uniq_erica
Temple:   nicolae_temple_no_exploring_needed
Lair:1:   layout_small_grid, infiniplex_staircase_pool_2

Skill      XL: |  1  2  3  4  5  6  7  8  9 10 11 12 |
---------------+-------------------------------------+-----
Stealth        | 1 |  1.2
Transmutations | 3 4 5 7 9 11 12 13 | 13.0
Unarmed Combat | 4 5 6 7 10 11 12 | 12.6
Ice Magic      | 1 2 3 4 |  4.1
Fighting       | 3 4 |  4.0
Dodging        | 4 |  4.4
Spellcasting   | |  2.0

Action                     |  1- 3 |  4- 6 |  7- 9 | 10-12 || total
---------------------------+-------+-------+-------+-------++-------
  Melee: Unarmed           |    75 |   119 |   175 |   243 ||   612
         Kick              |     8 |    10 |     5 |       ||    23
         Constrict         |    19 |    24 |     9 |       ||    52
         Tentacles         |    15 |    28 |    13 |     2 ||    58
         Punch             |       |     9 |     5 |     1 ||    15
   Cast: Beastly Appendage |     7 |     9 |     3 |       ||    19
         Wereblood         |     4 |     7 |    12 |    21 ||    44
         Ice Form          |       |       |    18 |    24 ||    42
 Invoke: Call Merchant     |       |       |       |     1 ||     1
  Evoke: Wand              |       |       |       |     3 ||     3
    Use: Potion            |       |     4 |     3 |     3 ||    10
         Scroll            |       |     5 |     4 |     3 ||    12
   Stab: Sleeping          |     5 |     8 |     2 |     1 ||    16
         Distracted        |       |       |     1 |     1 ||     2
 Armour: Skin              |     2 |    22 |    27 |    35 ||    86
  Dodge: Dodged            |    47 |    56 |   171 |   182 ||   456

Table legend: (Time is in decaauts)
 A = Elapsed time spent in this place.
 B = Non-inter-level travel time spent in this place.
 C = Inter-level travel time spent in this place.
 D = Time resting spent in this place.
 E = Time spent auto-exploring this place.
 F = Levels seen in this place.
 G = Mean time per level.
                   A        B        C        D        E       F      G
               +--------+--------+--------+--------+--------+-----+--------+
         Total |   9617 |   9391 |    226 |     27 |   7850 |  11 |  874.3 |
       Dungeon |   9576 |   9356 |    220 |     27 |   7850 |   9 | 1064.0 |
        Temple |     14 |      8 |      6 |      0 |      0 |   1 |   14.0 |
          Lair |     25 |     25 |      0 |      0 |      0 |   1 |   25.0 |
               +--------+--------+--------+--------+--------+-----+--------+

Top non-repeatable levels by time:
     D:9: 1785 daAuts
     D:8: 1770 daAuts
     D:2: 982 daAuts
     D:5: 970 daAuts
     D:6: 885 daAuts
     D:1: 848 daAuts
     D:7: 800 daAuts
     D:4: 787 daAuts
     D:3: 746 daAuts
  Lair:1: 25 daAuts
  Temple: 14 daAuts
